 Dungeon Crawl Stone Soup version 0.29-a0-11-ga75d3d97ab (webtiles) character file.

Game seed: 12831857922182681839

234 fragbeetle the Chiller (level 6, -3/47 HPs)
             Began as a Merfolk Ice Elementalist on Jan 29, 2022.
             Slain by Grinder (6 damage)
             ... on level 3 of the Dungeon.
             The game lasted 00:05:29 (2722 turns).

fragbeetle the Chiller (Merfolk Ice Elementalist)   Turns: 2722, Time: 00:05:31

Health: -3/47      AC:  2    Str:  9    XL:     6   Next: 5%
Magic:  3/9        EV: 13    Int: 14    God:
Gold:   152        SH:  0    Dex: 16    Spells: 2/9 levels left

rFire   + . .      SeeInvis .   h - staff of cold
rCold   + + .      Faith    .   (no shield)
rNeg    . . .      Spirit   .   a - +0 robe
rPois   +          Reflect  .   (no helmet)
rElec   +          Harm     .   (no cloak)
rCorr   +          Rampage  .   (no gloves)
Will    .....                   (no boots)
Stlth   ++........              (no amulet)
HPRegen 0.15/turn               (no ring)
MPRegen 0.11/turn               (no ring)

@: resistant (expiring)
A: (nimble swimmer 2), mertail
a: no special abilities


You were on level 3 of the Dungeon.
You visited 1 branch of the dungeon, and saw 3 of its levels.

You collected 152 gold pieces.

Inventory:

Hand Weapons
 b - a +0 dagger
 e - a +0 short sword
 i - a +2 vampiric short sword
Missiles
 f - 4 silver boomerangs
Armour
 a - a +0 robe (worn)
Magical Staves
 h - a staff of cold (weapon)
Jewellery
 n - a ring of protection from cold
Scrolls
 k - 2 scrolls of teleportation {unknown}
 m - a scroll of amnesia {unknown}
Potions
 j - a potion of attraction


   Skills:
 + Level 3.3 Fighting
 - Level 2.6 Dodging
 - Level 2.1 Stealth
 - Level 2.0 Spellcasting
 * Level 6.8 Ice Magic


You had 2 spell levels left.
You knew the following spells:

 Your Spells              Type           Power      Damage    Failure   Level
a - Freeze                Ice            100%       1d11      1%          1
b - Frozen Ramparts       Ice            62%        1d8       4%          3
c - Ozocubu's Armour      Ice            31%        N/A       4%          3

Your spell library contained the following spells:

 Spells                   Type           Power      Damage    Failure   Level
 Hailstorm                Conj/Ice       16%        3d6       50%         4


Dungeon Overview and Level Annotations

Branches:
Dungeon (3/15)

Altars:

Annotations:
D:3 Grinder


Innate Abilities, Weirdness & Mutations

((You are very nimble when in or above water. (Stealth+, EV+, Speed+++)))
Your lower body shifts to a powerful aquatic tail in water.


Message History

Grinder gestures at you. You resist with significant effort.
You barely miss Grinder.
Grinder is heavily wounded.
Grinder barely misses you.
You barely miss Grinder.
Grinder is heavily wounded.
Grinder gestures at you. Pain shoots through your body!
You hit Grinder but do no damage.
Grinder is heavily wounded.
You flicker for a moment.
Grinder barely misses you.
You hit Grinder.
Grinder is severely wounded.
You start to feel less resistant.
Grinder misses you.
You barely miss Grinder.
Grinder is severely wounded.
You hit Grinder but do no damage.
Grinder is severely wounded.
Grinder hits you!
You writhe in agony.
* * * LOW HITPOINT WARNING * * *
You are too injured to fight recklessly!
You are too injured to fight recklessly!
You are too injured to fight recklessly!
You are too injured to fight recklessly!
You are too injured to fight recklessly!
You are too injured to fight recklessly!
You are too injured to fight recklessly!
You closely miss Grinder.
Grinder is severely wounded.
Grinder misses you.
You hit Grinder but do no damage.
Grinder is severely wounded.
You flicker back into view.
Grinder hits you!
* * * LOW HITPOINT WARNING * * *
You writhe in agony.
You die...

.#. #.## .#.# ######## #.##
####....... .#.# .
#.......# #.#### ..
#.......# .#...##...
#5@.....#
#...............##.########
.#...###........ #.#......#
#....# ....... #.#.####.#
.#.### ....... #.#.# #.#
#.## ####### #.#.# #.# .#.#
#.#.# #.# #.## #.#.# #.#
### ###'#.# #.#


You could see Grinder.

Vanquished Creatures
  Sigmund (D:3)
  3 adders (D:2)
  3 orcs (D:3)
  5 ball pythons
  5 endoplasms
  2 giant cockroaches
  6 goblins
  6 hobgoblins
  6 kobolds
  3 quokkas
  5 bats
  5 frilled lizards
  6 rats
56 creatures vanquished.

Notes
Turn   | Place    | Note
-------+----------+-------------------------------------------
     0 | D:1      | fragbeetle the Merfolk Ice Elementalist began the quest for
                  | the Orb.
     0 | D:1      | Reached XP level 1. HP: 13/13 MP: 3/3
   145 | D:1      | Reached XP level 2. HP: 20/20 MP: 0/5
   272 | D:1      | Reached skill level 1 in Fighting
   636 | D:1      | Reached skill level 5 in Ice Magic
   756 | D:1      | Found a faded altar of an unknown god.
   873 | D:1      | Reached XP level 3. HP: 26/26 MP: 4/6
  1557 | D:2      | Reached XP level 4. HP: 33/33 MP: 5/7
  2245 | D:3      | Noticed Sigmund
  2253 | D:3      | Learned a level 3 spell: Frozen Ramparts
  2257 | D:3      | Learned a level 3 spell: Ozocubu's Armour
  2267 | D:3      | Killed Sigmund
  2268 | D:3      | Reached skill level 6 in Ice Magic
  2268 | D:3      | Reached XP level 5. HP: 36/41 MP: 1/8
  2389 | D:3      | Reached XP level 6. HP: 46/47 MP: 6/9
  2673 | D:3      | Noticed Grinder
  2673 | D:3      | Paralysed by Grinder for 2 turns
  2687 | D:3      | Paralysed by Grinder for 6 turns
  2722 | D:3      | Slain by Grinder

Illustrated notes

Levels and vault maps discovered:
D:1:      wander_arrival_lonely_grave, layout_rooms,
          nicolae_ecumenical_snake_handling
D:2:      layout_basic, minmay_misc_feat_four_crosses, dk_noncrumbling_4
D:3:      layout_basic, lemuel_another_geyser, uniq_sigmund, uniq_ijyb,
          uniq_jessica, uniq_grinder

Skill      XL: |  1  2  3  4 |
---------------+-------------+-----
Fighting       | 1 3 |  3.3
Ice Magic      | 5 6 |  6.8
Dodging        | |  2.6
Stealth        | |  2.1
Spellcasting   | |  2.0

Action                   |  1- 3 |  4- 6 || total
-------------------------+-------+-------++-------
Melee: Dagger            |    19 |       ||    19
       Unarmed           |    15 |       ||    15
       Short sword       |     7 |       ||     7
       Staff             |     8 |    36 ||    44
 Cast: Freeze            |    43 |    24 ||    67
       Frozen Ramparts   |       |     3 ||     3
       Ozocubu's Armour  |       |     2 ||     2
  Use: Potion            |       |     5 ||     5
 Stab: Sleeping          |     5 |     1 ||     6
       Invisible         |       |     1 ||     1
Armor: Robe              |    42 |     7 ||    49
Dodge: Dodged            |    64 |    31 ||    95

Table legend: (Time is in decaauts)
 A = Elapsed time spent in this place.
 B = Non-inter-level travel time spent in this place.
 C = Inter-level travel time spent in this place.
 D = Time resting spent in this place.
 E = Time spent auto-exploring this place.
 F = Levels seen in this place.
 G = Mean time per level.
                   A        B        C        D        E       F      G
               +--------+--------+--------+--------+--------+-----+--------+
         Total |   2729 |   2676 |     53 |    168 |   1826 |   3 |  909.7 |
       Dungeon |   2729 |   2676 |     53 |    168 |   1826 |   3 |  909.7 |
               +--------+--------+--------+--------+--------+-----+--------+

Top non-repeatable levels by time:
     D:2: 1234 daAuts
     D:1: 999 daAuts
     D:3: 495 daAuts
